 Dungeon Crawl Stone Soup version 0.31.0-32-g396128a36d (webtiles) character file.

Game seed: 778152477526488864

15819 concernfroge the Metamorph (level 12, -10/111 (116) HPs)
             Began as a Merfolk Shapeshifter on Apr 24, 2024.
             Was an Elder of Elyvilon.
             Mangled by a balrug
             ... wielding a +1 demon whip of draining
              (14 damage)
             ... in a Gauntlet.
             The game lasted 01:03:57 (11847 turns).

concernfroge the Metamorph (Merfolk Shapeshifter)  Turns: 11847, Time: 01:03:58

HP:   -10/111 (116) AC: 13    Str: 23    XL:     12   Next: 31%
MP:   13/15         EV: 12    Int:  9    God:    Elyvilon [****..]
Gold: 768           SH:  0    Dex: 15    Spells: 11/11 levels left

rFire   . .          .
                       - Unarmed
rCold   . . .        (shield currently unavailable)
rNeg    . . .        a - melded +0 animal skin
rPois   +            (helmet currently unavailable)
rElec   .            (cloak currently unavailable)
rCorr   .            (gloves currently unavailable)
SInv    .            (boots currently unavailable)
Will    +....        t - amulet of magic regeneration
Stlth   +            n - +4 ring of slaying
HPRegen 0.38/turn    x - ring of willpower
MPRegen 0.54/turn

%: no teleportation
@: on fire, snake-form, glowing, lightly drained
A: constrict, boosted hp, large, (nimble swimmer 2), (mertail)
a: Begin Untransformation, Renounce Religion, Purification, Heal Other, Heal
Self


You were in a Gauntlet.
You worshipped Elyvilon.
Elyvilon was greatly pleased with you.
You were an enormous serpent.
You visited 2 branches of the dungeon, and saw 12 of its levels.
You also visited: Ossuary, Bailey and Gauntlet.

You collected 768 gold pieces.

Inventory:

Missiles
 h - 9 boomerangs (quivered)
 z - 5 javelins
Armour
 a - a +0 animal skin (melded)
 q - +0 swamp dragon scales
Jewellery
 n - a +4 ring of slaying (left hand)
 t - an amulet of magic regeneration (around neck)
 x - a ring of willpower (right hand)
Talismans
 c - a beast talisman
 d - a flux talisman
 g - a serpent talisman (active)
Wands
 w - a wand of light (9)
 H - a wand of charming (7)
 L - a wand of roots (10)
 M - a wand of polymorph (3)
Scrolls
 b - 3 scrolls of immolation
 i - 2 scrolls of fear
 k - 2 scrolls of amnesia
 l - a scroll of poison
 o - 2 scrolls of enchant weapon
 p - 2 scrolls of blinking {unknown}
 r - 7 scrolls of teleportation
 v - 4 scrolls of enchant armour
 y - a scroll of summoning {unknown}
 C - 2 scrolls of fog {unknown}
 D - 2 scrolls of vulnerability {unknown}
 G - 3 scrolls of noise {unknown}
 I - 2 scrolls of brand weapon {unknown}
 J - 3 scrolls of revelation {unknown}
 O - 2 scrolls of identify
Potions
 f - a potion of resistance
 j - 3 potions of attraction
 m - 5 potions of curing
 s - a potion of heal wounds
 u - 3 potions of enlightenment
 A - 2 potions of brilliance
 B - a potion of cancellation
 E - a potion of experience
 F - 3 potions of haste
 K - a potion of mutation
 N - a potion of degeneration {unknown}
Miscellaneous
 e - a box of beasts


   Skills:
 - Level 10.0 Fighting
 - Level 5.0 Dodging
 - Level 10.0 Unarmed Combat
 - Level 4.0 Invocations
 + Level 17.4 Shapeshifting


You had 11 spell levels left.
You didn't know any spells.
Your spell library contained the following spells:

 Spells                   Type           Power      Damage    Failure   Level
 Foxfire                  Conj/Fire      0%         2x1d4     38%         1
 Kiss of Death            Conj/Necr      0%         2d5       38%         1
 Magic Dart               Conj           0%         1d3       38%         1
 Sandblast                Erth           0%         2d4       38%         1
 Sting                    Conj/Alch      0%         1d3       38%         1
 Summon Small Mammal      Summ           0%         N/A       38%         1
 Mercury Vapours          Alch/Air       0%         N/A       52%         2
 Searing Ray              Conj           0%         2d4       52%         2
 Call Canine Familiar     Summ           0%         N/A       77%         3
 Confusing Touch          Hex            0%         N/A       77%         3
 Dazzling Flash           Conj/Hex       0%         N/A       77%         3
 Passwall                 Erth           0%         N/A       77%         3
 Stone Arrow              Conj/Erth      0%         3d7       77%         3
 Volatile Blastmotes      Fire/Tloc      0%         2d10      77%         3
 Brom's Barrelling Bould  Conj/Erth      0%         2d3       99%         4
 Dispel Undead            Necr           0%         3d6       99%         4
 Fulminant Prism          Conj/Alch      0%         3d5       99%         4
 Leda's Liquefaction      Alch/Erth      0%         N/A       99%         4
 Olgreb's Toxic Radiance  Alch           0%         N/A       99%         4
 Summon Blazeheart Golem  Fire/Summ      0%         N/A       99%         4
 Lee's Rapid Deconstruct  Erth           0%         3d4*      100%        5
 Summon Forest            Summ/Tloc      0%         N/A       100%        5
 Summon Mana Viper        Hex/Summ       0%         N/A       100%        5
 Bombard                  Conj/Erth      0%         9d1       100%        6
 Starburst                Conj/Fire      0%         6d3       100%        6
 Summon Cactus Giant      Summ           0%         N/A       100%        6
 Maxwell's Capacitive Co  Air            0%         ∞         100%        8


Dungeon Overview and Level Annotations

Branches:
Dungeon (11/15)            Temple (1/1) D:6             Orc (0/2) D:11
Ossuary (visited)          Bailey (visited)         Gauntlet (1/1)
   Lair: D:8-11

Altars:
Ashenzari
Dithmenos
Elyvilon
Fedhas
Gozag
Hepliaklqana
Kikubaaqudgha
Makhleb
Nemelex Xobeh
Okawaru
Qazlal
Ru
Sif Muna
Trog
Uskayaw
Vehumet
Wu Jian
Xom
Yredelemnul
Zin
The Shining One

Annotations:
D:3 exclusion: door
D:7 2 runed translucent doors, exclusion: 2 doors, Lemonizer's ghost, novice MiFi
D:8 2 transporters, Fractals's ghost, novice GrEE
D:10 2 transporters, TacoSundae's ghost, journeyman BaBe Gauntlet 7 transporters, 1 runed translucent door, exclusion: 2 lightning spires


Innate Abilities, Weirdness & Mutations

You are an enormous serpent.
You have a powerful constriction melee attack.
Your maximum health is increased.
Your armour is entirely melded.
You are incapable of wielding weapons or throwing items.
((You are very nimble when in or above water. (Stealth+, EV+, Speed+++)))
((Your lower body shifts to a powerful aquatic tail in water.))


Message History

You are engulfed in flames!!
* * * LOW HITPOINT WARNING * * *
You feel drained.
* * * LOW HITPOINT WARNING * * *
Press: ? - help, Dir - move target, f/p - balrug Heal: a balrug, wielding a +1 demon whip of draining (lightly wounded, blind, unable to see you, uninterested)
You are healed.
The balrug gestures at you. The pyre arrow hits you.
You are covered in intense liquid fire!
You feel purified! The liquid fire burns you! The balrug completely misses you.
You feel much better. The liquid fire burns you! The balrug closely misses you.
You shake off some of the fire as you move.
The liquid fire burns you!
* * * LOW HITPOINT WARNING * * *
The balrug hits you with a +1 demon whip of draining!!
* * * LOW HITPOINT WARNING * * *
You are engulfed in flames!
Elyvilon protects you from harm!
You feel drained.
* * * LOW HITPOINT WARNING * * *
There is an open translucent door, spattered with blood here.
Things that are here:
a hell hound corpse; a hell hound corpse You feel much better.
The liquid fire burns you!
* * * LOW HITPOINT WARNING * * *
The balrug is no longer blind.
The balrug gestures at you. The bolt of fire hits you!!!
Elyvilon protects you from harm!
You feel much better. The liquid fire burns you!
* * * LOW HITPOINT WARNING * * *
The balrug hits you with a +1 demon whip of draining!
You die...

....8.#...#...©##.#.≈##
.##.©.#.8.#########.≈≈#
.##.8.#.⌠.#8..©#....≈##
......#.8.#©...#.8..##
.##...#...#8..©#....≈##
#≈≈≈#...#########.≈≈#
##≈###..###...###.≈##
## ##.###...###.##
##≈.#..##S..#.≈##
#≈≈.#..#2#..#.≈≈#
##≈.#.)'##..#.≈##
##.###.).###.##
##≈.####©####.≈##
#≈≈.#########.≈≈#
##≈.#8..©#....≈##
##.#©...#.8..##
##≈.#8..©#....≈##


You could see a balrug.

Vanquished Creatures
  2 vault guards (Bailey)
  A two-headed ogre (D:8)
  A soul eater (Gauntlet)
  Pikel (D:7)
  A cyclops (D:7)
  Joseph (D:10)
  A rust devil (Gauntlet)
  Maggie (D:6)
  A kobold demonologist (D:8)
  2 komodo dragons (D:11)
  2 trolls
  Prince Ribbit (Bailey)
  A hornet (D:9)
  A shadow (D:11)
  A wraith (D:10)
  Sigmund (D:6)
  24 yaks
  A ynoxinul (Gauntlet)
  2 wyverns
  A vampire (D:10)
  2 steam dragons
  4 humans (Bailey)
  Menkaure (D:7)
  2 hell hounds (Gauntlet)
  A black bear (D:4)
  An ice beast (D:5)
  3 ogres
  2 centaurs
  4 lemures (D:7)
  A phantom (D:4)
  2 kobold brigands
  2 gnoll sergeants
  9 bullfrogs
  3 scorpions
  15 wights
  8 killer bees
  A jelly (D:6)
  4 orc priests
  A hound (D:5)
  3 bombardier beetles
  4 iron imps (Gauntlet)
  Natasha (twice) (D:3)
  5 iguanas
  4 orc wizards
  5 scorpion zombies (Ossuary)
  Terence (D:2)
  3 mummies (Ossuary)
  9 gnolls
  8 adders
  6 shadow imps
  A white imp (D:5)
  2 ufetubi (D:6)
  2 adder zombies (Ossuary)
  8 dart slugs
  30 orcs
  9 endoplasms
  14 giant cockroaches
  2 gnoll zombies (Ossuary)
  11 goblins
  10 hobgoblins
  3 jackals
  4 quokkas
  7 ball pythons
  4 bats
  A frilled lizard (D:2)
  5 jackal zombies (Ossuary)
  16 kobolds
  3 kobold zombies (Ossuary)
  5 rats
300 creatures vanquished.

Notes
Turn   | Place    | Note
-------+----------+-------------------------------------------
     0 | D:1      | concernfroge the Merfolk Shapeshifter began the quest for
                  | the Orb.
     0 | D:1      | Reached XP level 1. HP: 15/15 MP: 1/1
   145 | D:1      | Reached XP level 2. HP: 21/21 MP: 2/2
   295 | D:1      | Got Beginning Spellcraft
   599 | D:1      | Reached XP level 3. HP: 22/27 MP: 3/3
   832 | D:2      | Noticed Terence
   837 | D:2      | Killed Terence
   850 | D:2      | Reached XP level 4. HP: 34/34 MP: 4/4
  1120 | D:2      | Found a white marble altar of Elyvilon.
  1380 | D:2      | Reached skill level 5 in Shapeshifting
  1715 | D:2      | Became a worshipper of Elyvilon the Healer
  1755 | D:3      | Reached XP level 5. HP: 41/41 MP: 5/5
  1859 | D:3      | Found a shadowy altar of Dithmenos.
  2034 | D:3      | Found a glowing golden altar of the Shining One.
  2163 | D:3      | Noticed Natasha
  2175 | D:3      | Killed Natasha
  2176 | D:3      | Reached skill level 6 in Shapeshifting
  2245 | D:3      | Found a radiant altar of Vehumet.
  2413 | D:3      | Found an opulent altar of Gozag.
  2547 | D:3      | Reached * piety under Elyvilon
  2547 | D:3      | Found a basalt altar of Yredelemnul.
  2547 | D:3      | Noticed a weeping skull
  2588 | D:3      | Reached XP level 6. HP: 47/47 MP: 6/6
  2681 | D:3      | Noticed Natasha
  2691 | D:3      | Killed Natasha
  2826 | D:4      | Noticed a black bear
  2835 | D:4      | Killed a black bear
  2836 | D:4      | Reached skill level 7 in Shapeshifting
  3186 | D:4      | Reached skill level 8 in Shapeshifting
  3186 | D:4      | Reached XP level 7. HP: 52/52 MP: 7/7
  3434 | D:4      | Reached ** piety under Elyvilon
  3634 | D:5      | Entered Level 5 of the Dungeon
  3666 | D:5      | Reached skill level 9 in Shapeshifting
  3889 | D:5      | Found a sand-covered staircase.
  3898 | Ossuary  | Entered an ossuary
  3982 | Ossuary  | Reached skill level 10 in Shapeshifting
  4058 | Ossuary  | Reached XP level 8. HP: 58/58 MP: 8/8
  4270 | D:5      | Reached skill level 5 in Dodging
  4852 | D:5      | Found a glowing silver altar of Zin.
  4974 | D:6      | Noticed Maggie
  4980 | D:6      | Killed Maggie
  4981 | D:6      | Reached skill level 5 in Fighting
  4981 | D:6      | Reached skill level 5 in Unarmed Combat
  4981 | D:6      | Reached skill level 1 in Invocations
  4981 | D:6      | Reached skill level 11 in Shapeshifting
  4981 | D:6      | Reached XP level 9. HP: 24/68 MP: 8/10
  5206 | D:6      | Identified the +2 flail "Ecidi" {vamp, Str+2}
  5372 | D:6      | Found a white marble altar of Elyvilon.
  5718 | D:6      | Noticed Sigmund
  5726 | D:6      | Killed Sigmund
  6186 | D:6      | Found a staircase to the Ecumenical Temple.
  6396 | Temple   | Entered the Ecumenical Temple
  6463 | D:7      | Noticed Menkaure
  6477 | D:7      | Killed Menkaure
  6632 | D:7      | Found a burning altar of Makhleb.
  6660 | D:7      | Noticed a cyclops
  6667 | D:7      | Killed a cyclops
  6902 | D:7      | Noticed Pikel
  6923 | D:7      | Killed Pikel
  6924 | D:7      | Reached skill level 12 in Shapeshifting
  6924 | D:7      | Reached XP level 10. HP: 79/79 MP: 13/13
  6946 | D:7      | Found a flagged portal.
  6956 | Bailey   | Entered a bailey
  7137 | Bailey   | Noticed a vault guard
  7147 | Bailey   | Killed a vault guard
  7182 | Bailey   | Noticed Prince Ribbit
  7182 | Bailey   | Noticed a vault guard
  7195 | Bailey   | Killed a vault guard
  7210 | Bailey   | Killed Prince Ribbit
  7211 | Bailey   | Reached skill level 13 in Shapeshifting
  7866 | D:7      | Found a large runed translucent door.
  7867 | D:7      | Found a large runed translucent door.
  7869 | D:7      | Noticed Lemonizer's ghost (novice MiFi)
  8009 | D:8      | Noticed a two-headed ogre
  8028 | D:8      | Noticed a kobold demonologist
  8028 | D:8      | Reached *** piety under Elyvilon
  8080 | D:7      | Reached XP level 11. HP: 89/89 MP: 14/14
  8514 | D:8      | Killed a two-headed ogre
  8537 | D:8      | Reached skill level 10 in Fighting
  8537 | D:8      | Reached skill level 14 in Shapeshifting
  8608 | D:8      | Found a transporter.
  8610 | D:8      | Found a transporter.
  8611 | D:8      | Noticed Fractals's ghost (novice GrEE)
  8611 | D:8      | Noticed a two-headed ogre
  8859 | D:8      | Reached skill level 10 in Unarmed Combat
  8990 | D:9      | Found an ancient bone altar of Kikubaaqudgha.
  9252 | D:9      | Reached **** piety under Elyvilon
  9527 | D:9      | Found a hazy altar of Hepliaklqana.
  9556 | D:9      | Identified the +6 spear of the Building Spider {venom, Fly}
  9700 | D:9      | Paralysed by a hornet for 3 turns
 10200 | D:10     | Entered Level 10 of the Dungeon
 10247 | D:10     | Reached skill level 15 in Shapeshifting
 10292 | D:10     | Found a shimmering blue altar of Sif Muna.
 10328 | D:10     | Noticed TacoSundae's ghost (journeyman BaBe)
 10345 | D:10     | Found a transporter.
 10350 | D:10     | Found a transporter.
 10559 | D:10     | Reached skill level 16 in Shapeshifting
 10624 | D:10     | Noticed Joseph
 10632 | D:10     | Killed Joseph
 10633 | D:10     | Reached XP level 12. HP: 70/97 MP: 15/15
 11064 | D:11     | Noticed a boulder beetle
 11158 | D:11     | Reached ***** piety under Elyvilon
 11283 | D:11     | Found a staircase to the Orcish Mines.
 11451 | D:11     | Found a gate leading to a gauntlet.
 11471 | Gauntlet | Entered a Gauntlet
 11471 | Gauntlet | Found a transporter.
 11478 | Gauntlet | Found a transporter.
 11482 | Gauntlet | Found a transporter.
 11493 | Gauntlet | Found a transporter.
 11494 | Gauntlet | Found a transporter.
 11501 | Gauntlet | Noticed a soul eater
 11502 | Gauntlet | Found a transporter.
 11506 | Gauntlet | Found a transporter.
 11510 | Gauntlet | Found a runed translucent door.
 11512 | Gauntlet | Found a runed translucent door.
 11512 | Gauntlet | Noticed a balrug
 11514 | Gauntlet | Found a transporter.
 11518 | Gauntlet | Found a transporter.
 11526 | Gauntlet | Found the +8 trishula "Condemnation" {holy, anguish, *Noise
                  | Fly rN+}
 11529 | Gauntlet | Found a transporter.
 11541 | Gauntlet | Found a runed translucent door.
 11558 | Gauntlet | Found a transporter.
 11570 | Gauntlet | Found a transporter.
 11583 | Gauntlet | Found a transporter.
 11596 | Gauntlet | Found a transporter.
 11650 | Gauntlet | Reached skill level 17 in Shapeshifting
 11791 | Gauntlet | Killed a soul eater
 11845 | Gauntlet | Elyvilon protects you from harm!
 11846 | Gauntlet | Elyvilon protects you from harm!
 11847 | Gauntlet | HP: 4/111 [burnt (15)]
 11847 | Gauntlet | Mangled by a balrug

Illustrated notes

Levels and vault maps discovered:
D:1:      wander_arrival_abandoned_jail, layout_rooms, grunt_decor_junction,
          chequers_jeans, minmay_tall_x
D:2:      minmay_roachtagon, layout_loops_corners, basic_altar,
          grunt_ministairs_10, minmay_bisected, uniq_terence
D:3:      layout_rooms, amcnicky_altar_gilded,
          yredelemnul_forgotten_temple_becter, marbit_many_paths,
          mainiacjoe_overflow_24_doors, lemuel_doored_altar,
          kennysheep_flooded_box, minmay_fractal_squares_gapless_5, uniq_natasha
D:4:      layout_basic
D:5:      layout_gridville, nicolae_overflow_hidden_temple,
          chequers_ossuary_entry_cave, minmay_checkerbox
D:6:      kennysheep_slugbush, layout_gridville, elyvilon_altar_5,
          minmay_temple_entry_glassed_door, uniq_maggie, uniq_sigmund
D:7:      layout_gridville, lemuel_tele_altar, ebering_ghost_disaster_area,
          enter_bailey_3, uniq_menkaure, uniq_pikel
D:8:      layout_cave_pools, gammafunk_ghost_smash, reono_crystal_passage
D:9:      layout_stronghold, mainiacjoe_overflow_paths,
          mainiacjoe_overflow_six_doors_small
D:10:     layout_loops_ring, overflow_temple_1_default, gammafunk_ghost_hive,
          uniq_joseph
D:11:     layout_small_grid, david_lair_shrubbed, david_orc_1_choice,
          gauntlet_entry_generic, nicolae_trove_entry_crystal
Temple:   chequers_temple_sunken
Gauntlet: gammafunk_gauntlet_77_escape_option
          [minmay_gauntlet_arena_77_terracotta_army,
          minmay_gauntlet_arena_77_chump_sandwich, minmay_gauntlet_arena_77_fan,
          minmay_gauntlet_arena_77_cramped, minmay_gauntlet_arena_77_path,
          gauntlet_exit_green]

Skill      XL: |  1  2  3  4  5  6  7  8  9 10 11 12 |
---------------+-------------------------------------+-----
Dodging        | 3 4 5 |  5.0
Fighting       | 2 3 5 7 9 10 | 10.0
Shapeshifting  | 5 6 8 10 11 12 13 16 17 | 17.4
Unarmed Combat | 5 7 9 10 | 10.0
Invocations    | 1 4 |  4.0

Action                     |  1- 3 |  4- 6 |  7- 9 | 10-12 || total
---------------------------+-------+-------+-------+-------++-------
  Melee: Unarmed           |    14 |    73 |   211 |   321 ||   619
         Dagger            |    26 |       |       |       ||    26
         Punch             |     2 |     3 |     1 |       ||     6
         Short sword       |    28 |    57 |       |       ||    85
         Battleaxe         |     6 |       |       |       ||     6
         Constrict         |       |       |    43 |    87 ||   130
  Throw: Boomerang         |     6 |    27 |    33 |       ||    66
 Invoke: Heal Other        |       |       |    12 |     4 ||    16
         Purification      |       |       |     3 |     3 ||     6
         Heal Self         |       |       |       |     3 ||     3
  Evoke: Wand              |       |       |       |    10 ||    10
    Use: Potion            |     1 |     1 |     2 |     3 ||     7
         Scroll            |       |       |    16 |     2 ||    18
   Stab: Sleeping          |     1 |       |     2 |       ||     3
         Invisible         |       |       |       |     3 ||     3
 Armour: Animal skin       |    18 |       |       |       ||    18
         Skin              |     5 |     5 |    91 |   209 ||   310
         Ring mail         |     1 |    37 |       |       ||    38
         Plate armour      |       |    35 |    26 |       ||    61
  Dodge: Dodged            |    43 |    73 |    97 |   157 ||   370
   Form: Beast             |     1 |       |     1 |       ||     2
         Serpent           |       |       |     1 |       ||     1
         Flux              |       |       |     1 |       ||     1
